AoeStats
← riccardo.zuanni

Arabia

508480805Analyzed
1v1 RM · 8d ago on Sep 22, 2026· 38m 33s· 2 players
Game mode
Random Map
Map size
Tiny (2 player)
Population
200
Speed
Normal
Resources
Standard
Victory
Conquest
Starting age
Dark Age
Ending age
Imperial Age
RankedLock teamsTeams togetherTeam positionsShared explorationLock speedFull tech treeHidden civsTurbo modeCheats
Victory
Defeat
🇨🇿 Portuguese · Czechia
886
+15
🇮🇹 Wei · Italy
865
-15
riccardo.zuanni
2:24 Loom
11:25 Feudal Age
12:02 Double-Bit Axe
13:56 Man-at-Arms
15:14 Horse Collar
22:42 Castle Age
20:44 Stone Mining
21:01 Gold Mining
23:11 Long Swordsman
25:05 Pikeman
35:38 Imperial Age
JirkaCFC__CZ
6:49 Loom
11:10 Feudal Age
11:38 Double-Bit Axe
15:08 Gold Mining
19:41 Castle Age
18:43 Forging
18:38 Horse Collar
22:36 Bloodlines
23:38 Scale Barding Armor
24:59 Heavy Plow
30:02 Stone Mining
33:02 Imperial Age
33:11 Masonry
34:51 Chemistry
34:47 Conscription
34:38 Arquebus
35:47 Ballistics
37:39 Wheelbarrow
37:22 Scale Mail Armor
Connection lost

Rejoining the realm…

Still unreachable

The connection could not be restored.

Session expired

The server has moved on; the page needs a fresh start.